 Dungeon Crawl Stone Soup version 0.30-a0-965-g42e074c17a (webtiles) character file.

Game seed: 11461013449089580738

317 cforsyth the Cudgeller (level 6, -2/49 (51) HPs)
             Began as a Formicid Fighter on Mar 31, 2023.
             Slain by a goblin
             ... wielding a +0 club
             ... led by Robin
              (3 damage)
             ... on level 4 of the Dungeon.
             The game lasted 00:04:11 (3462 turns).

cforsyth the Cudgeller (Formicid Fighter)           Turns: 3462, Time: 00:04:12

HP:   -2/49 (51)    AC:  9    Str: 22    XL:     6   Next: 73%
MP:   6/6           EV:  2    Int:  8    God:
Gold: 261           SH: 15    Dex: 13    Spells: 5/5 levels left

rFire   . . .      SeeInvis +    a - +0 flail
rCold   . . .      Faith    .    j - +2 tower shield
rNeg    . . .      Spirit   .    v - +0 chain mail
rPois   .          Reflect  .    (helmet unavailable)
rElec   .          Rampage  .    (no cloak)
rCorr   .                        (no gloves)
Will    .....                    (no boots) Stlth
                                 (no amulet)
HPRegen 0.28/turn                (no ring)
MPRegen 0.10/turn                (no ring)

@: mighty, grasped by roots, constricted, lightly drained
A: permanent stasis, dig shafts and tunnels, antennae 3, four strong arms
a: Dig, Shaft Self


You were on level 4 of the Dungeon.
You visited 1 branch of the dungeon, and saw 4 of its levels.

You collected 261 gold pieces.

Inventory:

Hand Weapons
 a - a +0 flail (weapon)
Armour
 b - a +0 scale mail
 c - a +0 buckler
 f - a +0 chain mail
 j - a +2 tower shield (worn)
 v - a +0 chain mail (worn)
Scrolls
 e - 4 scrolls of identify {unknown}
 i - a scroll of immolation {unknown}
 k - 2 scrolls of amnesia {unknown}
 m - 2 scrolls of blinking {unknown}
 n - a scroll of enchant weapon {unknown}
 o - a scroll of acquirement {unknown}
 s - a scroll of vulnerability {unknown}
 t - a scroll of fog {unknown}
 u - a scroll of silence {unknown}
 w - a scroll of teleportation {unknown}
 x - a scroll of enchant armour {unknown}
 y - a scroll of magic mapping {unknown}
 z - a scroll of poison {unknown}
Potions
 d - a potion of might
 g - 2 potions of haste {unknown}
 l - a potion of ambrosia {unknown}
 p - 2 potions of curing {unknown}
 q - a potion of lignification {unknown}
 r - 2 potions of brilliance {unknown}


   Skills:
 + Level 5.1 Fighting
 * Level 5.5 Maces & Flails
 - Level 3.2 Armour
 - Level 4.0 Shields


You had 5 spell levels left.
You didn't know any spells.
Your spell library contained the following spells:

 Spells                   Type           Power      Damage    Failure   Level
 Apportation              Tloc           0%         N/A       100%        1
 Necrotise                Necr           0%         1d4       100%        1
 Summon Small Mammal      Summ           0%         N/A       100%        1


Dungeon Overview and Level Annotations

Branches:
Dungeon (4/15)
 Temple: D:4-7

Altars:
Fedhas
Makhleb
Qazlal

Annotations:
D:4 Grinder


Innate Abilities, Weirdness & Mutations

You cannot be hasted, slowed, berserked, paralysed or teleported.
You can dig through walls and to a lower floor.
You have a pair of large antennae on your head. (SInv)
Your four strong arms can wield two-handed weapons with a shield.


Message History

The grasping roots constrict you!
You escape the roots grasp.
Grinder gestures at you.
Your stasis prevents you from being paralysed.
There is a stone staircase leading up here.
You closely miss Grinder.
Grinder is moderately wounded.
Grinder hits you.
The goblin unwields a +0 sling.
The goblin wields a +0 club.
The goblin hits you but does no damage. You block Grinder's attack.
You hit Grinder.
Grinder is moderately wounded.
The goblin hits you with a +0 club. The goblin hits you but does no damage.
Grinder zaps a wand.
The roots erupt in riotous growth!
The grasping roots grab you!
Grinder is unaffected.
The goblin is unaffected. x2
The grasping roots constrict you.
Unknown command.
You feel very mighty all of a sudden. You block the goblin's attack.
Grinder gestures at you.
You struggle to resist.
The grasping roots constrict you.
* * * LOW HITPOINT WARNING * * *
You block the goblin's attack.
Unknown command.
You hit Grinder.
Grinder is moderately wounded.
You block the goblin's attack. You block Grinder's attack.
The grasping roots constrict you.
* * * LOW HITPOINT WARNING * * *
The goblin hits you but does no damage. x2
The grasping roots release their grip on you.
You closely miss Grinder.
Grinder is moderately wounded.
Grinder zaps a wand.
The roots erupt in riotous growth!
The grasping roots grab you!
Grinder is unaffected.
The goblin is unaffected. x2
The grasping roots constrict you.
* * * LOW HITPOINT WARNING * * *
You block the goblin's attack. The goblin hits you with a +0 club.
You die...

#.# #.......# # #.#
#.......#### #.#
#...........
#.####.........##
#g.)g..........#.
#g####..#.##...#.
########g####..#........
#......ggg..#..####.#...
#.#####@5##.#...........
#....†...#........
#.###.####.##.#### #.#
#.......(.# #.#
######.#### ..# #.# ###
... ...# { ...#


You could see Grinder, a hobgoblin and 5 goblins.

Vanquished Creatures
  2 scorpions (D:3)
  An orc priest (D:3)
  Jessica (D:3)
  3 gnolls (D:3)
  5 adders
  A worm (D:2)
  9 orcs (D:3)
  3 ball pythons
  2 endoplasms
  2 giant cockroaches
  4 goblins
  4 hobgoblins
  4 jackals (D:2)
  3 kobolds
  4 quokkas
  2 bats
  5 rats
55 creatures vanquished.

Vanquished Creatures (others)
  3 fungi (D:3)
  A plant (D:3)
4 creatures vanquished.

Grand Total: 59 creatures vanquished

Notes
Turn   | Place    | Note
-------+----------+-------------------------------------------
     0 | D:1      | cforsyth the Formicid Fighter began the quest for the Orb.
     0 | D:1      | Reached XP level 1. HP: 18/18 MP: 1/1
   224 | D:1      | Reached XP level 2. HP: 24/24 MP: 2/2
   867 | D:2      | Reached XP level 3. HP: 30/30 MP: 3/3
  1716 | D:3      | Reached XP level 4. HP: 31/37 MP: 4/4
  1753 | D:3      | Noticed a scorpion
  1772 | D:3      | Killed a scorpion
  1773 | D:3      | Reached XP level 5. HP: 23/43 MP: 5/5
  2263 | D:3      | Reached skill level 5 in Maces & Flails
  2263 | D:3      | Reached XP level 6. HP: 29/50 MP: 6/6
  2366 | D:3      | Reached skill level 5 in Fighting
  2528 | D:3      | Noticed Jessica
  2542 | D:3      | Killed Jessica
  2569 | D:3      | Found a stormy altar of Qazlal.
  2569 | D:3      | Found a blossoming altar of Fedhas.
  2830 | D:3      | Found a burning altar of Makhleb.
  3401 | D:4      | Noticed Grinder
  3462 | D:4      | HP: 1/49 [constriction (4)]
  3462 | D:4      | Slain by a goblin

Illustrated notes

Levels and vault maps discovered:
D:1:      nicolae_arrival_somewhat_less_tricky_arrival, layout_rooms,
          due_unseen_surprise
D:2:      layout_basic, nrook_mini_backslash
D:3:      layout_loops_ring, grunt_temple_overflow_forces_of_nature,
          lightli_temple_of_fire, uniq_jessica
D:4:      layout_loops_cross, uniq_robin, uniq_grinder, uniq_ijyb

Skill      XL: |  1  2  3  4  5  6 |
---------------+-------------------+-----
Maces & Flails | 3 4 5 |  5.5
Fighting       | 4 5 |  5.1
Armour         | |  3.2
Shields        | |  4.0

Action                     |  1- 3 |  4- 6 || total
---------------------------+-------+-------++-------
  Melee: Flail             |    81 |   124 ||   205
Ability: Dig               |       |     1 ||     1
    Use: Potion            |       |     2 ||     2
 Armour: Chain mail        |    56 |    65 ||   121
  Dodge: Dodged            |    24 |    26 ||    50
  Block: Buckler           |     4 |       ||     4
         Tower shield      |    61 |   147 ||   208

Table legend: (Time is in decaauts)
 A = Elapsed time spent in this place.
 B = Non-inter-level travel time spent in this place.
 C = Inter-level travel time spent in this place.
 D = Time resting spent in this place.
 E = Time spent auto-exploring this place.
 F = Levels seen in this place.
 G = Mean time per level.
                   A        B        C        D        E       F      G
               +--------+--------+--------+--------+--------+-----+--------+
         Total |   3559 |   3334 |    225 |     35 |   2583 |   4 |  889.8 |
       Dungeon |   3559 |   3334 |    225 |     35 |   2583 |   4 |  889.8 |
               +--------+--------+--------+--------+--------+-----+--------+

Top non-repeatable levels by time:
     D:3: 1546 daAuts
     D:2: 1236 daAuts
     D:1: 650 daAuts
     D:4: 126 daAuts
